 Dungeon Crawl Stone Soup version 0.18-a0-824-g47fe746 (webtiles) character file.

443 JokEr the Insei (level 7, 0/56 HPs)
             Began as an Octopode Transmuter on Dec 17, 2015.
             Slain by Duvessa
             ... wielding a +0 short sword
              (4 damage)
             ... on level 4 of the Dungeon.
             The game lasted 00:11:04 (5019 turns).

JokEr the Insei (Octopode Transmuter)               Turns: 5019, Time: 00:11:05

Health: 0/56       AC:  5    Str: 10    XL:     7   Next: 2%
Magic:  1/10       EV: 10    Int: 17    God:
Gold:   124        SH:  0    Dex: 12    Spells: 2 memorised, 5 levels left

rFire  x . .     SeeInvis +       - Unarmed
rCold  + + +     Gourm    .     (shield currently unavailable)
rNeg   . . .     Faith    .     (helmet currently unavailable)
rPois  +         Spirit   .     (no amulet)
rElec  .         Dismiss  .     j - ring of wizardry
rCorr  .         Reflect  .     g - ring of protection from cold
SustAt .         Harm     .     (no ring)
MR     .....                    (no ring)
Stlth  +.........               (no ring)
                                (no ring)
                                (no ring)
                                (no ring)

@: ice-form, not resistant to hostile enchantments, very unstealthy
A: almost no armour, amphibious, 8 rings, (constrict 8), (camouflage 0), see
invisible, (gelatinous body 0)
a: End Transformation


You were on level 4 of the Dungeon.
You were hungry.
You were a creature of crystalline ice.
You visited 1 branch of the dungeon, and saw 4 of its levels.

You collected 124 gold pieces.

Inventory:

Missiles
 a - 29 arrows
Jewellery
 g - a ring of protection from cold (right front paw)
 j - a ring of wizardry (left front paw)
Scrolls
 d - 3 scrolls of identify
 h - a scroll of enchant armour
 l - a scroll of teleportation
Potions
 e - a potion of cancellation
Books
 b - a book of Changes

   Spells                             Type                      Level
   a - Beastly Appendage              Transmutation                1
   b - Sticks to Snakes               Transmutation                2
   c - Spider Form                    Transmutation/Poison         3
   d - Ice Form                       Ice/Transmutation            4
   e - Blade Hands                    Transmutation                5
Comestibles
 c - 3 bread rations
 i - a beef jerky
 m - a chunk of flesh


   Skills:
 + Level 3.7 Fighting
 - Level 2.0 Dodging
 + Level 4.9 Unarmed Combat
 - Level 2.0 Spellcasting
 - Level 3.4 Transmutations
 + Level 3.1 Ice Magic


You had 5 spell levels left.
You knew the following spells:

 Your Spells              Type           Power        Failure   Level  Hunger
a - Beastly Appendage     Trmt           ##....       2%          1    #......
b - Ice Form              Ice/Trmt       ##......     28%         4    #####..


Dungeon Overview and Level Annotations

Branches:
Dungeon (4/15)
 Temple: D:4-7

Altars:
Elyvilon
Qazlal

Annotations:
D:4 Dowan, Duvessa


Innate Abilities, Weirdness & Mutations

You cannot wear most types of armour.
You are amphibious.
You can wear up to eight rings at the same time.
((You can use your tentacles to constrict eight enemies at once.))
((Your skin changes colour to match your surroundings (Stealth).))
((Your rubbery body absorbs attacks (AC +1).))
You have supernaturally acute eyesight.


Message History

Duvessa hits you with a short sword!
* * * LOW HITPOINT WARNING * * *
Drink which item? (? for menu, Esc to quit)
You feel better. Duvessa closely misses you.
Drink which item? (? for menu, Esc to quit)
You feel better. Duvessa closely misses you.
Duvessa hits you with a short sword.
* * * LOW HITPOINT WARNING * * *
You closely miss Duvessa.
Duvessa is heavily wounded.
You warm up again.
Duvessa hits you with a short sword.
* * * LOW HITPOINT WARNING * * *
Casting: Ice Form
Confirm with . or Enter, or press ? or * to list all spells.
You turn into a creature of crystalline ice.
Duvessa hits you with a short sword.
* * * LOW HITPOINT WARNING * * *
Duvessa hits you with a short sword.
You die...

........ .........
........# P.P....#
#... ♣PP.P.# #P..
♣.♣..# ##..♣
♣P..####.####
#..P♣♣♣
♣♣♣.eeY.......
#....P♣
♣PP.#####.####
#.#.P.♣♣♣))........
#.....♣PP.#+#####.#
#......?....#
#...##......#
#...##......#
##....#......#
#...PP#..#####


You could see Duvessa and Dowan.

Vanquished Creatures
  A phantom (D:4)
  5 orc wizards
  An iguana (D:4)
  9 adders
  A worm (D:3)
  4 giant geckos
  12 orcs
  3 giant cockroaches
  10 goblins
  8 hobgoblins
  4 jackals (D:2)
  7 kobolds
  5 quokkas
  3 ball pythons
  9 bats
  5 giant newts
  5 rats
92 creatures vanquished.

Vanquished Creatures (others)
  A quokka (D:3)
1 creature vanquished.

Grand Total: 93 creatures vanquished

Notes
Turn   | Place    | Note
--------------------------------------------------------------
     0 | D:1      | JokEr the Octopode Transmuter began the quest for the Orb.
     0 | D:1      | Reached XP level 1. HP: 13/13 MP: 3/3
   299 | D:1      | Reached XP level 2. HP: 5/18 MP: 3/5
  1143 | D:2      | Reached XP level 3. HP: 20/23 MP: 4/6
  1601 | D:2      | Gained mutation: You have supernaturally acute eyesight. [potion of beneficial mutation]
  1640 | D:2      | Reached XP level 4. HP: 29/29 MP: 7/7
  2490 | D:2      | Found a stormy altar of Qazlal.
  2773 | D:2      | Learned a level 4 spell: Ice Form
  3007 | D:3      | Reached XP level 5. HP: 29/35 MP: 8/8
  3115 | D:3      | Found a white marble altar of Elyvilon.
  3137 | D:3      | Reached skill level 4 in Unarmed Combat
  3137 | D:3      | Reached skill level 1 in Ice Magic
  4519 | D:3      | Reached XP level 6. HP: 31/42 MP: 9/9
  4986 | D:4      | Noticed Dowan
  4990 | D:4      | Noticed Duvessa
  5003 | D:4      | Reached XP level 7. HP: 26/47 MP: 3/10
  5019 | D:4      | Slain by Duvessa

Vault maps used:
D:1:      minmay_arrival_wavy_path, minmay_door_square
D:2:      marbit_many_paths, first_bread, minmay_misc_feat_plants
D:3:      elyvilon_altar_4
D:4:      led_xom_imps, serial_forest, infiniplex_forest_clump_large,
          infiniplex_forest_clump_long, infiniplex_forest_end_2,
          infiniplex_forest_clump_large, infiniplex_forest_lined_2,
          infiniplex_forest_end_1, infiniplex_forest_clump_double,
          infiniplex_forest_lined_3, infiniplex_forest_clump_long,
          bh_walls_and_bars, uniq_duvessa

Action                   |  1- 3 |  4- 6 |  7- 9 || total
-------------------------+-------+-------+-------++-------
Melee: Unarmed           |    57 |   175 |     6 ||   238
 Cast: Beastly Appendage |     5 |    13 |       ||    18
       Ice Form          |       |     1 |     1 ||     2
  Use: Scroll            |     2 |     8 |       ||    10
       Potion            |     2 |       |     4 ||     6
 Stab: Sleeping          |     3 |     4 |       ||     7
       Distracted        |       |     1 |       ||     1
  Eat: Chunk             |     2 |    11 |       ||    13
